 Dungeon Crawl Stone Soup version 0.28-a0-476-g0f06bd746f (webtiles) character file.

Game seed: 1483041281839820578

5063 Spaninq the Martial Artist (level 10, -4/86 HPs)
             Began as a Yellow Draconian Transmuter on Sept 16, 2021.
             Was a Follower of Sif Muna.
             Killed from afar by Fannar (13 damage)
             ... with a bolt of cold
             ... on level 10 of the Dungeon.
             The game lasted 00:31:33 (12633 turns).

Spaninq the Martial Artist (DrTm)                  Turns: 12633, Time: 00:31:34

Health: -4/86      AC: 10    Str: 12    XL:     10   Next: 31%
Magic:  17/17      EV: 14    Int: 17    God:    Sif Muna [*.....]
Gold:   508        SH: 11    Dex: 12    Spells: 17/19 levels left

rFire   . . .      SeeInvis .     - Unarmed
rCold   + . .      Faith    .   s - +1 buckler
rNeg    . . .      Spirit   .   (armour unavailable)
rPois   .          Reflect  +   (helmet restricted)
rElec   .          Harm     .   l - +2 cloak {rCorr}
rCorr   +          Rampage  .   (no gloves)
Will    +....                   (no boots)
Stlth   +.........              r - amulet of reflection
HPRegen 0.24/turn               c - ring of willpower
MPRegen 0.15/turn               u - ring of protection from cold

@: mighty, short of breath
A: spit acid, AC +7, unfitting armour, cold-blooded, acid resistance
a: Breathe Acid, Renounce Religion, Channel Magic


You were on level 10 of the Dungeon.
You worshipped Sif Muna.
Sif Muna was aware of your devotion.
You visited 2 branches of the dungeon, and saw 11 of its levels.

You collected 508 gold pieces.

Inventory:

Hand Weapons
 a - a +2 dagger of electrocution
 m - a +4 hand axe of draining
 v - a +4 whip
 x - a +2 scimitar of flaming
Missiles
 j - 2 throwing nets
Armour
 l - a +2 cloak of preservation (worn)
 s - a +1 buckler (worn)
Magical Staves
 A - a staff of air
Jewellery
 c - a ring of willpower (left hand)
 h - a ring of see invisible
 i - a +4 ring of protection
 r - an amulet of reflection (around neck)
 u - a ring of protection from cold (right hand)
 y - a ring of poison resistance
Scrolls
 d - 2 scrolls of teleportation
 g - a scroll of amnesia
 B - a scroll of identify
Potions
 b - 4 potions of might
 e - a potion of invisibility {unknown}
 f - a potion of experience {unknown}
 k - 3 potions of flight
 n - a potion of berserk rage {unknown}
 o - 3 potions of cancellation
 p - 2 potions of mutation
 q - 2 potions of brilliance {unknown}
 t - 2 potions of haste {unknown}
 w - 4 potions of heal wounds {unknown}
 z - a potion of curing {unknown}
 C - a potion of degeneration {unknown}


   Skills:
 + Level 7.2 Fighting
 + Level 5.5 Dodging
 - Level 4.0 Shields
 + Level 8.2 Unarmed Combat
 + Level 5.1 Spellcasting
 * Level 7.6 Transmutations


You had 17 spell levels left.
You knew the following spells:

 Your Spells              Type           Power      Damage    Failure   Level
b - Wereblood             Tmut           30%        N/A       1%          2

Your spell library contained the following spells:

 Spells                   Type           Power      Damage    Failure   Level
 Beastly Appendage        Tmut           60%        N/A       1%          1
 Spider Form              Tmut/Pois      8%         N/A       9%          3
 Freeze                   Ice            16%        1d4       14%         1
 Ignite Poison            Fire/Tmut/Pois 13%        N/A       14%         3
 Ice Form                 Ice/Tmut       17%        N/A       28%         4
 Conjure Flame            Conj/Fire      4%         6-21      38%         3
 Frozen Ramparts          Ice            8%         1d2       38%         3
 Hailstorm                Conj/Ice       4%         3d4       80%         4
 Sticky Flame             Conj/Fire      4%         2d3       80%         4


Dungeon Overview and Level Annotations

Branches:
Dungeon (10/15)            Temple (1/1) D:4
   Lair: D:8-11         Orc: D:9-12

Altars:
Ashenzari
Cheibriados
Dithmenos
Elyvilon
Fedhas
Gozag
Hepliaklqana
Kikubaaqudgha
Makhleb
Nemelex Xobeh
Okawaru
Qazlal
Ru
Sif Muna
Trog
Uskayaw
Vehumet
Wu Jian
Xom
Yredelemnul
Zin
The Shining One

Shops:
D:1 (

Portals:
Trove: D:10 (give 11 potions of heal wounds)

Annotations:
D:4 3 runed translucent doors, spiderkeys's ghost, amateur OpAK
D:10 Fannar


Innate Abilities, Weirdness & Mutations

You can spit globs of acid.
Your golden yellow scales are hard. (AC +7)
You cannot fit into any form of body armour.
You are cold-blooded and may be slowed by cold attacks.
You are resistant to acid. (rCorr)


Message History

You hit Fannar.
Fannar is almost dead.
Fannar hits you with a +0 quarterstaff of freezing!
* * * LOW HITPOINT WARNING * * *
You punch Fannar!
Fannar is almost dead.
Fannar is no longer covered in acid.
Fannar casts a spell.
Fannar blinks!
Fannar hits you but does no damage. You block the ice beast's attack.
You climb downwards.
The ice beast disappears in a puff of smoke! x2
There is a stone staircase leading up here.
You closely miss Fannar.
Fannar is almost dead.
Fannar points at you and mumbles some strange words.
The bolt of cold misses you.
You barely miss Fannar.
Your tail-slap misses Fannar.
Fannar is almost dead.
You hit Fannar but do no damage. You tail-slap Fannar, but do no damage.
Fannar is almost dead.
Fannar hits you with a +0 quarterstaff of freezing.
* * * LOW HITPOINT WARNING * * *
You barely miss Fannar.
Fannar is almost dead.
Fannar barely misses you.
You hit Fannar but do no damage.
Fannar is almost dead.
Fannar mumbles some strange words.
Fannar drains the heat from the surrounding environment!
You resist.
* * * LOW HITPOINT WARNING * * *
You feel very mighty all of a sudden.
Fannar mumbles some strange words.
Fannar blinks!
You barely miss Fannar.
Your tail-slap misses Fannar.
Fannar is almost dead.
Fannar gestures at you while chanting. The bolt of cold hits you! You resist.
You die...

# ##.## #....# ##.##.##.# ####
#.# #..#.# ##.#.#.## ...# #.#
#....# #.......# ##.###+## ##.###
#.##.##.# #.##...## #.# #.##....#
#.#.....## ###.# #.##....#
##........## ##.#.# #.##....#
...........####.<).######.###...#
...........+....@................
##.........####.e.#.#####.......#
##.......## ##.##.# #####..##
##.....## ####.# #...# ##...##
#.# #.#.# ##'## #.# #...# #.# #.#
##.## #.# #.# #.# ##.## #e# #.#


You could see Fannar.

Vanquished Creatures
  Harold (D:7)
  Erica (D:9)
  A centaur zombie (D:10)
  Maggie (D:6)
  2 wyverns
  A wraith (D:10)
  Eustachio (D:5)
  A steam dragon (D:9)
  Terence (D:3)
  A water moccasin (D:8)
  2 ice beasts
  2 ogres
  A black bear (D:8)
  2 orc warriors
  2 phantoms (D:5)
  A centaur (D:8)
  A kobold brigand (D:6)
  3 gnoll sergeants
  2 scorpions
  A water moccasin zombie (D:6)
  A howler monkey (D:2)
  A human zombie (D:3)
  A bullfrog zombie (D:6)
  A hound (D:5)
  2 jellies
  3 orc priests
  An iron imp (D:9)
  4 iguanas
  A human skeleton (D:3)
  5 orc wizards
  A killer bee zombie (D:8)
  A howler monkey zombie (D:5)
  19 gnolls
  7 adders
  2 white imps
  2 ufetubi
  An adder skeleton (D:4)
  3 worms (D:3)
  2 dart slugs
  20 orcs
  5 endoplasms
  5 giant cockroaches
  3 goblins
  4 hobgoblins
  2 jackals (D:4)
  8 kobolds
  2 quokkas
  6 ball pythons
  2 bats (D:2)
  2 frilled lizards (D:1)
  A goblin skeleton (D:3)
  A kobold skeleton (D:3)
  7 rats
154 creatures vanquished.

Vanquished Creatures (others)
  A human (D:3)
1 creature vanquished.

Grand Total: 155 creatures vanquished

Notes
Turn   | Place    | Note
-------+----------+-------------------------------------------
     0 | D:1      | Spaninq the Draconian Transmuter began the quest for the
                  | Orb.
     0 | D:1      | Reached XP level 1. HP: 16/16 MP: 3/3
    70 | D:1      | Found a faded altar of an unknown god.
   460 | D:1      | Reached XP level 2. HP: 23/23 MP: 5/5
   525 | D:1      | Found Geshrer's Weapon Boutique.
  1319 | D:2      | Learned a level 2 spell: Wereblood
  1410 | D:2      | Noticed a howler monkey
  1426 | D:2      | Killed a howler monkey
  1427 | D:2      | Reached skill level 4 in Unarmed Combat
  1427 | D:2      | Reached XP level 3. HP: 29/29 MP: 3/6
  1453 | D:2      | Reached XP level 4. HP: 36/36 MP: 4/7
  2067 | D:3      | Found a white marble altar of Elyvilon.
  2704 | D:3      | Noticed Terence
  2715 | D:3      | Reached XP level 5. HP: 42/42 MP: 6/8
  2886 | D:3      | Found a runed translucent door.
  2886 | D:3      | Noticed a human
  2914 | D:3      | Found a basalt altar of Yredelemnul.
  2968 | D:3      | Killed a human
  3140 | D:3      | Killed Terence
  3141 | D:3      | Reached skill level 5 in Unarmed Combat
  3141 | D:3      | Reached XP level 6. HP: 13/51 MP: 9/9
  3434 | D:4      | Noticed spiderkeys's ghost (amateur OpAK)
  3434 | D:4      | Found a runed translucent gate.
  3434 | D:4      | Found a runed translucent gate.
  3434 | D:4      | Found a runed translucent gate.
  3727 | D:4      | Found a sacrificial altar of Ru.
  4455 | D:4      | Found a broken altar of Ashenzari.
  4517 | D:4      | Found a staircase to the Ecumenical Temple.
  4526 | Temple   | Entered the Ecumenical Temple
  4859 | D:5      | Entered Level 5 of the Dungeon
  5139 | D:5      | Noticed Eustachio
  5345 | D:5      | Reached skill level 6 in Unarmed Combat
  5345 | D:5      | Your scales start taking on a golden yellow colour.
  5345 | D:5      | Reached XP level 7. HP: 40/59 MP: 10/10
  5345 | D:5      | Gained mutation: You are resistant to acid. (rCorr) [Yellow
                  | Draconian growth]
  5917 | D:5      | Found an ornate altar of the Wu Jian Council.
  5918 | D:5      | Found an iron altar of Okawaru.
  6168 | D:5      | Killed Eustachio
  6634 | D:5      | Reached XP level 8. HP: 59/67 MP: 11/11
  6801 | D:5      | Reached skill level 5 in Fighting
  7305 | D:5      | Found a shimmering blue altar of Sif Muna.
  7308 | D:5      | Became a worshipper of Sif Muna the Loreminder
  7371 | D:5      | Found a burning altar of Makhleb.
  7533 | D:6      | Reached skill level 7 in Unarmed Combat
  7831 | D:6      | Reached skill level 1 in Shields
  7959 | D:6      | Found a blossoming altar of Fedhas.
  8157 | D:6      | Noticed Maggie
  8863 | D:7      | Found an opulent altar of Gozag.
  8927 | D:7      | Reached skill level 5 in Transmutations
  9196 | D:7      | Noticed Harold
  9525 | D:8      | Reached XP level 9. HP: 75/75 MP: 14/14
 10075 | D:8      | Reached * piety under Sif Muna
 10312 | D:9      | Found a shimmering altar of Xom.
 10353 | D:9      | Noticed an angel
 10360 | D:9      | Found a glowing silver altar of Zin.
 10467 | D:9      | Noticed Erica
 10478 | D:10     | Entered Level 10 of the Dungeon
 10703 | D:9      | Killed Erica
 10704 | D:9      | Reached skill level 5 in Dodging
 11095 | D:9      | Found a snail-covered altar of Cheibriados.
 11513 | D:6      | Killed Maggie
 11514 | D:6      | Reached XP level 10. HP: 61/84 MP: 17/17
 11700 | D:7      | Killed Harold
 11701 | D:7      | Reached skill level 8 in Unarmed Combat
 11701 | D:7      | Reached skill level 5 in Spellcasting
 12267 | D:10     | Found a portal to a secret trove of treasure.
 12295 | D:10     | Noticed Fannar
 12633 | D:10     | Killed from afar by Fannar

Illustrated notes

Levels and vault maps discovered:
D:1:      elethiomel_arrival_maze, layout_basic, serial_shops, shop,
          hellmonk_ecumenical_altar_arch_garden, grunt_decor_mini_mirrors
D:2:      layout_basic
D:3:      layout_rooms, dk_yredelemnul_ordeal, mainiacjoe_overflow_paths,
          uniq_terence
D:4:      layout_gridville, lemuel_coloured_pillars_altar,
          mainiacjoe_overflow_small_starburst,
          minmay_temple_entry_statues_pillars, gammafunk_ghost_necromancy
D:5:      layout_loops_ring, kennysheep_mini, lightli_temple_of_fire,
          chequers_temple_overflow_statue_of_worship, hangedman_decor_lopped,
          uniq_eustachio
D:6:      layout_loops_ring, mainiacjoe_overflow_alcove_1, minmay_microvault,
          uniq_maggie
D:7:      layout_gridville, nicolae_gozag_cash_rules_everything_around_me,
          uniq_harold
D:8:      layout_cave_pools
D:9:      layout_loops_ring, grunt_temple_overflow_order_and_chaos_1,
          chei_slow_surprise, chequers_serial_rivers_small_a, uniq_erica
D:10:     layout_loops_corners, enter_trove_1, minmay_misc_feat_more_columns,
          uniq_fannar
Temple:   jpeg_temple_island

Skill      XL: |  1  2  3  4  5  6  7  8  9 10 |
---------------+-------------------------------+-----
Dodging        | 2 3 4 5 |  5.5
Fighting       | 2 3 4 5 6 7 |  7.2
Unarmed Combat | 4 5 6 7 8 |  8.2
Transmutations | 3 5 7 |  7.6
Spellcasting   | 3 4 5 |  5.1
Shields        | 2 4 |  4.0

Action                   |  1- 3 |  4- 6 |  7- 9 | 10-12 || total
-------------------------+-------+-------+-------+-------++-------
Melee: Unarmed           |    74 |   264 |   333 |   125 ||   796
       Tailslap          |    11 |    26 |    39 |    23 ||    99
       Kick              |     4 |    53 |    33 |       ||    90
       Headbutt          |     2 |    36 |    27 |       ||    65
       Punch             |     1 |     2 |     9 |       ||    12
       Hand axe          |       |     9 |       |       ||     9
 Cast: Beastly Appendage |     4 |    38 |    20 |       ||    62
       Wereblood         |     1 |     5 |     7 |     1 ||    14
 Abil: Breathe Acid      |       |       |    43 |     9 ||    52
  Use: Scroll            |       |       |    12 |       ||    12
       Potion            |       |       |     1 |     1 ||     2
 Stab: Sleeping          |     1 |       |       |       ||     1
       Held in net/web   |       |       |       |     1 ||     1
Armor: Skin              |    16 |    74 |    79 |    30 ||   199
Dodge: Dodged            |    33 |   142 |   180 |    40 ||   395
Block: Other             |       |       |    22 |       ||    22
       Reflection        |       |       |     2 |     3 ||     5
       Buckler           |       |       |    49 |    44 ||    93

Table legend: (Time is in decaauts)
 A = Elapsed time spent in this place.
 B = Non-inter-level travel time spent in this place.
 C = Inter-level travel time spent in this place.
 D = Time resting spent in this place.
 E = Time spent auto-exploring this place.
 F = Levels seen in this place.
 G = Mean time per level.
                   A        B        C        D        E       F      G
               +--------+--------+--------+--------+--------+-----+--------+
         Total |  12623 |  12188 |    435 |   3209 |   6714 |  11 | 1147.5 |
       Dungeon |  12361 |  11926 |    435 |   3209 |   6468 |  10 | 1236.1 |
        Temple |    261 |    261 |      0 |      0 |    246 |   1 |  261.0 |
               +--------+--------+--------+--------+--------+-----+--------+

Top non-repeatable levels by time:
     D:5: 2050 daAuts
     D:4: 1947 daAuts
     D:3: 1633 daAuts
     D:9: 1300 daAuts
     D:1: 1135 daAuts
     D:6: 1119 daAuts
     D:7: 865 daAuts
    D:10: 832 daAuts
     D:2: 800 daAuts
     D:8: 674 daAuts
  Temple: 261 daAuts
